 Dungeon Crawl Stone Soup version 0.19.1 (webtiles) character file.

977 HessuHobo the Skirmisher (level 7, -4/55 HPs)
             Began as a Demonspawn Gladiator on Dec 27, 2016.
             Was a Believer of Okawaru.
             Killed by nerve-wracking pain
             ... invoked by Menkaure
              (12 damage)
             ... on level 5 of the Dungeon.
             The game lasted 00:15:30 (4684 turns).

HessuHobo the Skirmisher (Demonspawn Gladiator)     Turns: 4684, Time: 00:15:31

Health: -4/55      AC: 10    Str: 17    XL:     7   Next: 95%
Magic:  7/7        EV: 16    Int:  9    God:    Okawaru [**....]
Gold:   156        SH:  0    Dex: 14    Spells: 0 memorised, 6 levels left

rFire  . . .     SeeInvis .     n - +0 spear (vamp)
rCold  . . .     Gourm    .     b - +0 leather armour
rNeg   . . .     Faith    .     (no shield)
rPois  .         Spirit   .     c - +0 helmet
rElec  .         Reflect  .     (no cloak)
rCorr  .         Harm     .     (no gloves)
MR     .....                    (no boots)
Stlth  +.........               (no amulet)
                                (no ring)
                                h - +2 ring of evasion

@: sanguine armour
A: claws 1, powered by death 1, spiny 1, sanguine armour 1
a: Heroism, Renounce Religion


You were on level 5 of the Dungeon.
You worshipped Okawaru.
Okawaru was pleased with you.
You were not hungry.

You visited 1 branch of the dungeon, and saw 5 of its levels.

You collected 156 gold pieces.

Inventory:

Hand Weapons
 a - a +0 war axe
 e - a +0 club
 n - a +0 vampiric spear (weapon)
Missiles
 d - 4 throwing nets (quivered)
Armour
 b - a +0 leather armour (worn)
 c - a +0 helmet (worn)
Jewellery
 h - a +2 ring of evasion (left claw)
Scrolls
 g - a scroll of fear {unknown}
 j - 4 scrolls of remove curse
 l - a scroll of amnesia
Potions
 i - 2 potions of invisibility
 m - a potion of lignification {unknown}
Books
 p - a book of Misfortune

   Spells                             Type                      Level
   a - Confusing Touch                Hexes                        1
   b - Confuse                        Hexes                        3
   c - Gell's Gravitas                Hexes/Translocation          3
   d - Petrify                        Transmutation/Earth          4
   e - Metabolic Englaciation         Hexes/Ice                    5
   f - Yara's Violent Unravelling     Hexes/Transmutation          5
 q - a book of Minor Magic

   Spells                             Type                      Level
   a - Magic Dart                     Conjuration                  1
   b - Blink                          Translocation                2
   c - Call Imp                       Summoning                    2
   d - Repel Missiles                 Charms/Air                   2
   e - Slow                           Hexes                        2
   f - Conjure Flame                  Conjuration/Fire             3
   g - Mephitic Cloud                 Conjuration/Poison/Air       3
Comestibles
 f - 2 bread rations
 k - a meat ration
 o - 2 slices of pizza


   Skills:
 * Level 4.7 Fighting
 - Level 2.8(3.5) Axes
 + Level 3.2(3.8) Polearms
 - Level 1.8 Throwing
 * Level 4.0 Armour
 + Level 4.3 Dodging
 + Level 0.8 Stealth
 * Level 2.7 Unarmed Combat


You had 6 spell levels left.
You didn't know any spells.

Dungeon Overview and Level Annotations

Branches:
Dungeon (5/15)             Temple (0/1) D:5

Altars:
Okawaru

Portals:
Ossuary: D:5

Annotations:
D:5 Menkaure, Sigmund


Innate Abilities, Weirdness & Mutations

You have sharp fingernails.
You regenerate a little health from kills.
You are partially covered in sharp spines.
When seriously injured, your bleeding wounds create armour. (AC +6)


Message History

Okay, then.
Okay, then.
Menkaure calls on the powers of darkness!
Your body is wracked with pain!
Your blood congeals into armour.
Something hits you but does no damage.
Menkaure points at you and mumbles some strange words.
Pain shoots through your body! Something hits you.
* * * LOW HITPOINT WARNING * * *
A puff of flame appears from out of thin air!
The puff of flame hits you!
* * * LOW HITPOINT WARNING * * *
Menkaure blazes with dark energy!
Menkaure casts a spell.
You hear the quick hiss of an avalanche of sand nearby.
Menkaure calls on the powers of darkness!
Your body is wracked with pain!
* * * LOW HITPOINT WARNING * * *
Menkaure casts a spell at you. Pain shoots through your body!
You die...

##.####.##...#.....#.#
#.# #.#######...##.#
#.# #...........##.#
#.# ########....#...
#.# #........ #.#
#.#...... #.#
#.#......
#.###########.#...#.#
#...@...M...#.#####.#
###########.#.......#
#.#########
#.#....<.##
#######.#......$.
#...............%
#................
#................
#.########∩######


You could see Menkaure.

Vanquished Creatures
  The ghost of oldnick the Insei, an amateur OpTm (D:3)
  A phantom (D:4)
  An ogre (D:3)
  A scorpion (D:5)
  The ghost of HessuHobo the Skirmisher, a weakling DsFi of Dithmenos (D:4)
  3 crimson imps (D:5)
  A jelly (D:2)
  2 orc priests
  An orc wizard (D:4)
  A centaur skeleton (D:5)
  Jessica (D:3)
  3 worker ants (D:5)
  5 adders
  8 gnolls (D:3)
  A shadow imp (D:5)
  An ooze (D:2)
  2 adder skeletons
  6 worms
  5 dart slugs
  A leopard gecko (D:4)
  11 orcs
  5 giant cockroaches
  6 goblins
  9 hobgoblins
  3 jackals (D:4)
  A quokka (D:5)
  2 ball pythons
  3 bats
  4 frilled lizards
  8 kobolds
  10 rats
108 creatures vanquished.

Notes
Turn   | Place    | Note
-------+----------+-------------------------------------------
     0 | D:1      | HessuHobo the Demonspawn Gladiator began the quest for the Orb.
     0 | D:1      | Reached XP level 1. HP: 16/16 MP: 1/1
   523 | D:1      | Gained mutation: When seriously injured, your bleeding wounds create armour. (AC +6) [demonic ancestry]
   523 | D:1      | Reached XP level 2. HP: 22/22 MP: 2/2
   997 | D:2      | Reached skill level 1 in Armour
   997 | D:2      | Reached XP level 3. HP: 20/28 MP: 3/3
  1341 | D:2      | Reached XP level 4. HP: 20/34 MP: 4/4
  1794 | D:3      | Reached skill level 1 in Unarmed Combat
  2072 | D:2      | Gained mutation: You are partially covered in sharp spines. [demonic ancestry]
  2072 | D:2      | Reached XP level 5. HP: 6/41 MP: 5/5
  2584 | D:3      | HP: 2/41 [poisoned by a gnoll]
  3120 | D:3      | Found an iron altar of Okawaru.
  3127 | D:3      | Became a worshipper of Warmaster Okawaru
  3200 | D:3      | Noticed Jessica
  3201 | D:3      | Killed Jessica
  3210 | D:3      | Gained mutation: You have sharp fingernails. [demonic ancestry]
  3210 | D:3      | Reached XP level 6. HP: 48/48 MP: 6/6
  3286 | D:3      | Noticed oldnick's ghost (amateur OpTm)
  3302 | D:3      | Killed oldnick's ghost
  3302 | D:3      | Reached * piety under Okawaru
  3302 | D:3      | Reached skill level 1 in Polearms
  3615 | D:4      | Gained mutation: You regenerate a little health from kills. [demonic ancestry]
  3615 | D:4      | Reached XP level 7. HP: 37/54 MP: 7/7
  3827 | D:4      | Noticed HessuHobo's ghost (weakling DsFi)
  3845 | D:4      | Killed HessuHobo's ghost
  4222 | D:5      | Entered Level 5 of the Dungeon
  4414 | D:5      | Found a staircase to the Ecumenical Temple.
  4658 | D:5      | Reached ** piety under Okawaru
  4663 | D:5      | Found a sand-covered staircase.
  4663 | D:5      | Noticed Sigmund
  4666 | D:5      | Noticed Menkaure
  4684 | D:5      | Killed from afar by Menkaure

Skill      XL: |  1  2  3  4  5  6  7 |
---------------+----------------------+-----
Dodging        | 3 4 |  4.3
Armour         | 1 2 3 4 |  4.0
Fighting       | 3 4 |  4.7
Unarmed Combat | 1 2 |  2.7
Polearms       | 1 3 |  3.2
Axes           | |  2.8
Throwing       | |  1.8
Stealth        | |  0.8

Action                   |  1- 3 |  4- 6 |  7- 9 || total
-------------------------+-------+-------+-------++-------
Melee: War axe           |   115 |    74 |       ||   189
       Spear             |       |    79 |   174 ||   253
       Punch             |       |       |     3 ||     3
  Use: Scroll            |     4 |     1 |       ||     5
       Potion            |     1 |       |     1 ||     2
  Eat: Chunk             |     2 |     6 |     4 ||    12
       Meat ration       |       |     1 |       ||     1
Armor: Leather armour    |    30 |    35 |    27 ||    92
Dodge: Dodged            |   104 |   145 |   103 ||   352
